 Dungeon Crawl Stone Soup version 0.31-a0-523-g071a6c1ffa (webtiles) character file.

Game seed: 12659609253751619105

105011 Zonian the Grappler (level 16, -5/212 HPs)
             Began as an Octopode Shapeshifter on Aug 10, 2023.
             Was an Initiate of Gozag.
             Slain by an entropy weaver (11 damage)
             ... on level 1 of the Spider Nest on Aug 12, 2023.
             The game lasted 02:01:46 (45875 turns).

Zonian the Grappler (Octopode Shapeshifter)        Turns: 45875, Time: 02:01:48

Health: -5/212     AC: 11    Str: 28    XL:     16   Next: 40%
Magic:  24/24      EV: 12    Int: 22    God:    Gozag
Gold:   3404       SH:  5    Dex: 12    Spells: 20/26 levels left

rFire   . .          .
                       - Unarmed
rCold   . . .        (shield currently unavailable)
rNeg    . . .        (helmet currently unavailable)
rPois   .            m - amulet of reflection
rElec   .            f - +6 ring of intelligence
rCorr   .            i - +6 ring of intelligence
SInv    +            n - +4 ring of protection
Will    ++...        B - ring of willpower Stlth
                     K - ring of see invisible
HPRegen 0.55/turn    (no ring)
MPRegen 0.19/turn    (no ring)
                     (no ring)

%: reflection
@: berserking (expiring), snake-form, corroded, gold aura, slowed
A: constrict, boosted hp, almost no armour, amphibious, 8 rings, large,
(camouflage 1), (gelatinous body 1), (nimble swimmer 1), (tentacles)
a: Begin Untransformation, Renounce Religion, Potion Petition, Call Merchant,
Bribe Branch


You were on level 1 of the Spider Nest.
You worshipped Gozag.
Gozag was most pleased with you.
You were an enormous anaconda.
You visited 5 branches of the dungeon, and saw 23 of its levels.
You also visited: Bailey.

You collected 6850 gold pieces.
You spent 170 gold pieces at shops.
You paid 3276 gold pieces to Gozag.

Inventory:

Hand Weapons
 q - the +7 eveningstar "Xaxoxt" {flame, rF+++ rC++ Will- Int-4}
   (You took it off a spriggan in a bailey)

   Int-4:     It affects your intelligence (-4).
   rF+++:     It renders you almost immune to fire.
   rC++:      It greatly protects you from cold.
   Will-:     It decreases your willpower.
 H - the +4 mace of the Morning {speed, Str+2 Int+6 Dex+5}
   (You found it on level 3 of the Lair of Beasts)

   Str+2:     It affects your strength (+2).
   Int+6:     It affects your intelligence (+6).
   Dex+5:     It affects your dexterity (+5).
Missiles
 F - 8 throwing nets
Jewellery
 f - a +6 ring of intelligence (left tentacle)
 i - a +6 ring of intelligence (right tentacle)
 m - an amulet of reflection (around neck)
 n - a +4 ring of protection (on tentacle)
 B - a ring of willpower (on tentacle)
 K - a ring of see invisible (on tentacle)
Talismans
 b - a beast talisman
 c - a flux talisman
 w - a maw talisman
 y - a storm talisman
 L - a serpent talisman (active)
Wands
 j - a wand of polymorph (6)
 l - a wand of charming (2)
 o - a wand of light (1)
 p - a wand of flame (21)
 A - a wand of roots (13)
 J - a wand of mindburst (8)
 Q - a wand of digging (5)
Scrolls
 h - 4 scrolls of teleportation
 r - 6 scrolls of revelation
 s - 2 scrolls of blinking
 t - 4 scrolls of fog
 M - a scroll of silence
 N - a scroll of torment
 O - a scroll of poison
 P - a scroll of identify
 R - a scroll of amnesia
Potions
 a - 2 potions of lignification
 d - 4 potions of magic
 e - 7 potions of curing
 g - 4 potions of haste
 k - 8 potions of brilliance
 u - a potion of resistance
 v - 3 potions of attraction
 x - 3 potions of might
 z - a potion of mutation
 C - 2 potions of enlightenment
 D - 2 potions of ambrosia
 I - a potion of berserk rage


   Skills:
 + Level 13.9 Fighting
 - Level 8.0 Dodging
 - Level 8.0 Stealth
 + Level 14.2 Unarmed Combat
 + Level 5.8 Spellcasting
 - Level 4.0 Conjurations
 - Level 4.8 Translocations
 - Level 8.0 Evocations
 + Level 12.0 Shapeshifting


You had 20 spell levels left.
You knew the following spells:

 Your Spells              Type           Power      Damage    Failure   Level
a - Blink                 Tloc           54%        N/A       1%          2
b - Lesser Beckoning      Tloc           54%        N/A       1%          2
c - Momentum Strike       Conj/Tloc      50%        3d9       2%          2

Your spell library contained the following spells:

 Spells                   Type           Power      Damage    Failure   Level
 Necrotise                Necr           24%        1d5       10%         1
 Sting                    Tmut/Pois      24%        1d4       10%         1
 Summon Small Mammal      Summ           24%        N/A       10%         1
 Ensorcelled Hibernation  Hex/Ice        12%        N/A       14%         2
 Poisonous Vapours        Pois/Air       12%        N/A       14%         2
 Mephitic Cloud           Conj/Pois/Air  12%        N/A       16%         3
 Call Canine Familiar     Summ           6%         N/A       28%         3
 Summon Guardian Golem    Hex/Summ       6%         N/A       28%         3
 Vampiric Draining        Necr           6%         2d6       28%         3
 Anguish                  Hex/Necr       3%         N/A       67%         4
 Leda's Liquefaction      Hex/Erth       3%         N/A       67%         4
 Olgreb's Toxic Radiance  Pois           6%         N/A       67%         4
 Freezing Cloud           Conj/Ice/Air   6%         6-21      83%         5
 Agony                    Necr           6%         N/A       95%         5
 Lee's Rapid Deconstruct  Erth           3%         3d5*      95%         5
 Conjure Ball Lightning   Conj/Air       7%         3x3d6     99%         6
 Leda's Unmaking          Conj/Erth      7%         9d2       99%         6
 Discord                  Hex            3%         N/A       100%        8
 Disjunction              Tloc           13%        N/A       100%        8


Dungeon Overview and Level Annotations

Branches:
Dungeon (14/15)            Temple (1/1) D:4            Lair (5/5) D:11
  Swamp (0/4) Lair:3       Spider (1/4) Lair:2        Slime (0/5) Lair:5
    Orc (2/2) D:12            Elf (0/3) Orc:2        Vaults (0/5) D:14
 Bailey (visited)

Altars:
Ashenzari
Cheibriados
Dithmenos
Elyvilon
Fedhas
Gozag
Hepliaklqana
Kikubaaqudgha
Makhleb
Nemelex Xobeh
Okawaru
Qazlal
Ru
Sif Muna
Trog
Uskayaw
Vehumet
Wu Jian
Xom
Yredelemnul
Zin
The Shining One
Jiyva

Shops:
Orc:2 (:(:   Lair:5 *

Portals:
Hell: Lair:5

Annotations:
D:10 3 transporters
D:12 3 runed translucent doors, pokeman's ghost, journeyman DEHW
Lair:4 Nessos


Innate Abilities, Weirdness & Mutations

You are an enormous anaconda.
You have a powerful constriction melee attack.
Your maximum health is increased.
Your armour is entirely melded.
You are incapable of wielding weapons or throwing items.
You cannot wear most types of armour.
You are amphibious.
You can wear up to eight rings at the same time.
((Your skin changes colour to match your surroundings (Stealth+).))
((Your rubbery body absorbs attacks. (AC +1, EV +1)))
((You are camouflaged when in or above water. (Stealth+)))
((You have tentacles for arms and can constrict up to eight enemies at once.))


Message History

The entropic weave corrodes you!
Unknown command.
You closely miss the wolf spider.
The wolf spider is severely wounded.
You constrict the moth of wrath!
The jumping spider is no longer distracted by gold.
The wolf spider hits you!
* * * LOW HITPOINT WARNING * * *
The wolf spider bites you!
* * * LOW HITPOINT WARNING * * *
The wolf spider hits you!!
* * * LOW HITPOINT WARNING * * *
The wolf spider misses you.
You are too berserk!
Unknown command.
You crush the wolf spider!!!
You kill the wolf spider!
You constrict the moth of wrath!
You kill the moth of wrath!
You block the entropy weaver's attack. x2; The entropy weaver hits you!
* * * LOW HITPOINT WARNING * * *
The entropy weaver barely misses you.
You are too berserk!
You crush the redback!!! You grab the redback.
The redback is almost dead.
You constrict the redback. The redback bites you.
* * * LOW HITPOINT WARNING * * *
The entropy weaver hits you.
* * * LOW HITPOINT WARNING * * *
The entropy weaver hits you but does no damage.
You block the entropy weaver's attack. The entropy weaver hits you!
* * * LOW HITPOINT WARNING * * *
The redback closely misses you.
You lash the redback!
You kill the redback!
The jumping spider leaps!
The torpor snail is distracted by your dazzling golden aura.
You block the entropy weaver's attack. The entropy weaver hits you!
You die...
Your body crumbles into a pile of gold.

##.##..........^
#..##............
#.#.#.............
#.##.#............
##.###.....>.......
######.##
##............
#.......# ###........#
...##.##.######.......#
... #S....##.....###
.....sB$w##^###...##
..##.s.ss^.# ##...###
#......≈..... #.##..##
^....#~.○.... #.####.##
#..~.~~≈~.^##.#..# #.#.
#.s≈ ≈~~~..: ..## ##..
.....≈~........# ##..
##. #...


You could see an entropy weaver, a torpor snail (unaware), an orb spider, a
culicivora, 2 jumping spiders and a redback.

Vanquished Creatures
  Rupert (Lair:5)
  Azrael (D:12)
  A dire elephant (Lair:5)
  Snorg (D:10)
  A vault guard (D:14)
  Harold (Lair:2)
  A hydra (Lair:5)
  2 radroaches (Spider:1)
  4 centaur warriors (D:14)
  4 two-headed ogres
  A boulder beetle (D:13)
  4 death yaks (Lair:5)
  2 catoblepae
  A tengu warrior (D:14)
  4 orc high priests (Orc:2)
  Urug (D:12)
  Sonja (Orc:2)
  Amaemon (Lair:2)
  A sun demon (Lair:5)
  Nergalle (Lair:2)
  2 fire crabs
  3 skeletal warriors (D:11)
  A sun moth (Spider:1)
  A wizard (Lair:5)
  An orc knight (Orc:2)
  Pikel (D:5)
  15 ugly things
  A lindwurm (Lair:4)
  2 necromancers (D:14)
  An orc sorcerer (Orc:2)
  3 manticores
  3 cyclopes
  2 wolf spiders
  A spectral boulder beetle (Lair:3)
  Maurice (Orc:1)
  A moth of wrath (Spider:1)
  2 orange demons
  4 black mambas
  12 cane toads
  2 gargoyles
  6 rime drakes
  An unseen horror (D:10)
  A yaktaur (D:14)
  3 kobold demonologists (D:11)
  3 komodo dragons
  A tengu conjurer (D:14)
  6 ice devils (Lair:5)
  A red devil (Lair:5)
  2 trolls
  A polar bear (Lair:5)
  A hellwing (Lair:5)
  A tarantella (Spider:1)
  7 blink frogs
  A hornet (D:9)
  A spectral dream sheep (Lair:3)
  A spectral elephant (Lair:3)
  7 slime creatures
  2 jumping spiders
  A spectral black mamba (Lair:3)
  3 shadows
  A culicivora (Lair:2)
  4 spriggans (Bailey)
  6 wraiths
  2 wyverns
  20 humans (D:14)
  49 yaks
  6 basilisks
  5 fire elementals (D:12)
  3 redbacks
  A steam dragon (Bailey)
  10 vampire mosquitoes
  5 wargs (Orc:1)
  An acid dragon (D:11)
  6 hell hounds
  9 water moccasins
  A spectral polar bear (Lair:3)
  3 ice beasts
  18 orc warriors
  2 sky beasts
  A black bear (Lair:2)
  9 ogres
  15 wolves
  13 centaurs
  2 lemures (D:5)
  The ghost of osoart the Insei, an amateur OpSh of Uskayaw (D:3)
  A phantom (D:12)
  4 kobold brigands
  7 bullfrogs
  2 scorpions
  9 wights
  5 killer bees (D:8)
  3 electric eels (Lair:2)
  3 howler monkeys
  A hound (D:5)
  3 jellies
  25 orc priests
  2 sleepcaps (D:6)
  Terence (D:2)
  5 iguanas
  22 orc wizards
  6 hell rats (Lair:4)
  6 ogre zombies (D:12)
  A mummy (D:5)
  3 gnolls (D:2)
  12 adders
  A river rat (D:3)
  5 worms
  4 dart slugs
  53 orcs
  8 ball pythons
  8 endoplasms
  2 giant cockroaches
  6 goblins
  5 hobgoblins
  6 quokkas
  9 bats
  4 frilled lizards
  A goblin skeleton (D:12)
  2 goblin zombies (D:12)
  A hobgoblin skeleton (D:12)
  3 hobgoblin zombies
  21 kobolds
  A kobold zombie (D:5)
  3 orc skeletons (D:12)
  12 orc zombies
  9 rats
621 creatures vanquished.

Vanquished Creatures (others)
  An acid dragon (D:11)
  An orc wizard (Orc:1)
  A butterfly (D:6)
3 creatures vanquished.

Grand Total: 624 creatures vanquished

Notes
Turn   | Place    | Note
-------+----------+-------------------------------------------
     0 | D:1      | Zonian the Octopode Shapeshifter began the quest for the
                  | Orb.
     0 | D:1      | Reached XP level 1. HP: 13/13 MP: 1/1
   144 | D:1      | Reached XP level 2. HP: 18/18 MP: 2/2
   548 | D:1      | Reached XP level 3. HP: 16/23 MP: 3/3
  1534 | D:2      | Reached XP level 4. HP: 29/29 MP: 4/4
  1592 | D:2      | Noticed Terence
  1667 | D:2      | Killed Terence
  1859 | D:2      | Reached XP level 5. HP: 28/35 MP: 5/5
  2244 | D:3      | Found a runed translucent door.
  2281 | D:3      | Noticed osoart's ghost (amateur OpSh)
  2288 | D:3      | Killed osoart's ghost
  2289 | D:3      | Reached skill level 4 in Unarmed Combat
  2289 | D:3      | Reached XP level 6. HP: 23/41 MP: 6/6
  2297 | D:3      | Found a runed translucent door.
  3987 | D:4      | Found a staircase to the Ecumenical Temple.
  4001 | Temple   | Entered the Ecumenical Temple
  4054 | Temple   | Became a worshipper of Gozag Ym Sagoz the Greedy
  4832 | D:4      | Found a basalt altar of Yredelemnul.
  5398 | D:5      | Entered Level 5 of the Dungeon
  5502 | D:4      | Reached XP level 7. HP: 21/46 MP: 7/7
  6825 | D:5      | Noticed Pikel
  7216 | D:6      | Reached skill level 5 in Unarmed Combat
  7392 | D:6      | Found a sacrificial altar of Ru.
  7426 | D:6      | Noticed a green ugly thing
  7471 | D:5      | Killed Pikel
  7472 | D:5      | Reached skill level 5 in Dodging
  7472 | D:5      | Reached skill level 5 in Shapeshifting
  7472 | D:5      | Reached XP level 8. HP: 26/54 MP: 8/8
  7823 | D:6      | Found a white marble altar of Elyvilon.
  8062 | D:6      | Reached skill level 5 in Fighting
  8458 | D:6      | Reached skill level 6 in Unarmed Combat
  9215 | D:7      | Reached XP level 9. HP: 61/61 MP: 9/9
  9367 | D:7      | Found a flagged portal.
  9402 | Bailey   | Entered a bailey
  9710 | Bailey   | Reached skill level 7 in Unarmed Combat
  9872 | Bailey   | Identified the +7 eveningstar "Xaxoxt" {flame, rF+++ rC++
                  | Will- Int-4}
 10161 | Bailey   | Noticed a two-headed ogre
 10194 | Bailey   | Killed a two-headed ogre
 10195 | Bailey   | Reached XP level 10. HP: 42/69 MP: 10/10
 10601 | D:7      | Learned a level 2 spell: Blink
 11590 | D:8      | Reached skill level 1 in Translocations
 13344 | D:9      | Found a burning altar of Makhleb.
 13345 | D:9      | Found a shadowy altar of Dithmenos.
 13622 | D:9      | Reached skill level 8 in Unarmed Combat
 13651 | D:9      | Reached skill level 5 in Stealth
 14062 | D:9      | Noticed a cyclops
 14196 | D:9      | Upgraded the game from 0.31-a0-507-gbafd7f5274 to
                  | 0.31-a0-521-gc7390f8997
 14544 | D:10     | Entered Level 10 of the Dungeon
 14544 | D:10     | Noticed Snorg
 14590 | D:10     | Found a transporter.
 14591 | D:10     | Found a transporter.
 14593 | D:10     | Found a transporter.
 14593 | D:10     | Found a transporter.
 14779 | D:10     | Killed Snorg
 14780 | D:10     | Reached XP level 11. HP: 23/77 MP: 11/11
 16647 | D:10     | Noticed a two-headed ogre
 17051 | D:10     | Found an iron altar of Okawaru.
 18266 | D:11     | Noticed a cyclops
 18267 | D:11     | Noticed a two-headed ogre
 18987 | D:11     | Noticed a skeletal warrior
 18987 | D:11     | Noticed a skeletal warrior
 18995 | D:11     | Killed a skeletal warrior
 19000 | D:11     | Noticed a skeletal warrior
 19003 | D:11     | Killed a skeletal warrior
 19004 | D:11     | Reached skill level 9 in Unarmed Combat
 19018 | D:11     | Killed a skeletal warrior
 19603 | D:11     | Learned a level 2 spell: Lesser Beckoning
 19606 | D:11     | Learned a level 2 spell: Momentum Strike
 19822 | D:11     | Found a staircase to the Lair.
 19823 | D:11     | Noticed a fire crab
 19842 | D:11     | Noticed a two-headed ogre
 20100 | D:11     | Killed a two-headed ogre
 20129 | D:11     | Noticed a soul eater
 20396 | D:11     | Found a shimmering altar of Xom.
 20441 | D:11     | Killed a cyclops
 20442 | D:11     | Reached XP level 12. HP: 46/85 MP: 12/12
 20723 | Lair:1   | Entered Level 1 of the Lair of Beasts
 20769 | Lair:1   | Reached skill level 10 in Unarmed Combat
 21872 | Lair:1   | Reached skill level 10 in Fighting
 22156 | Lair:2   | Noticed Harold
 22165 | Lair:2   | Noticed Amaemon
 22175 | Lair:2   | Killed Amaemon
 22294 | Lair:2   | Killed Harold
 23012 | Lair:2   | Noticed Nergalle
 23024 | Lair:2   | Killed Nergalle
 23025 | Lair:2   | Reached skill level 11 in Unarmed Combat
 24505 | Lair:2   | Found a hole to the Spider Nest.
 25008 | Lair:2   | Reached XP level 13. HP: 87/95 MP: 13/13
 26194 | Lair:3   | Reached skill level 10 in Shapeshifting
 26242 | Lair:3   | Identified the +4 mace of the Morning {speed, Str+2 Int+6
                  | Dex+5}
 26602 | Lair:3   | Found a staircase to the Swamp.
 28833 | Lair:4   | Noticed Nessos
 29100 | Lair:4   | Reached skill level 1 in Evocations
 29464 | Lair:4   | Reached skill level 12 in Unarmed Combat
 29955 | Lair:5   | Entered Level 5 of the Lair of Beasts
 32580 | Lair:5   | Found a staircase to the Slime Pits.
 32581 | Lair:5   | Found a viscous altar of Jiyva.
 32645 | Lair:5   | Noticed a dire elephant
 33017 | Lair:5   | Noticed Rupert
 33551 | D:11     | Reached XP level 14. HP: 61/104 MP: 14/14
 34324 | D:12     | Found a staircase to the Orcish Mines.
 34332 | D:12     | Noticed Urug
 34337 | D:12     | Reached skill level 1 in Conjurations
 34417 | D:12     | Reached skill level 1 in Spellcasting
 34781 | D:12     | Identified the ring "Raehuol" {*Slow rF+ rCorr Str+5}
 34859 | D:12     | Noticed pokeman's ghost (journeyman DEHW)
 34903 | D:12     | Killed Urug
 35226 | D:12     | Noticed Azrael
 35232 | D:12     | Reached skill level 13 in Unarmed Combat
 35244 | D:12     | Killed Azrael
 35527 | D:12     | Reached skill level 5 in Evocations
 35837 | D:12     | Found a runed translucent gate.
 35837 | D:12     | Found a runed translucent gate.
 35837 | D:12     | Found a runed translucent gate.
 37636 | D:13     | Reached XP level 15. HP: 109/109 MP: 18/18
 40880 | D:14     | Found a gate to the Vaults.
 41499 | Orc:1    | Entered Level 1 of the Orcish Mines
 41623 | Orc:1    | Noticed Maurice
 41636 | Orc:1    | Killed Maurice
 42059 | Orc:2    | Entered Level 2 of the Orcish Mines
 42059 | Orc:2    | Found a staircase to the Elven Halls.
 42165 | Orc:2    | Reached XP level 16. HP: 81/117 MP: 23/23
 42386 | Orc:2    | Paralysed by an orc sorcerer for 3 turns
 42663 | Orc:2    | Reached skill level 5 in Spellcasting
 42964 | Orc:2    | Noticed Sonja
 42976 | Orc:2    | Killed Sonja
 43352 | Orc:2    | Found Cupaxigo's Book Emporium.
 43352 | Orc:2    | Found Mirytime's Antique Weapon Emporium.
 43353 | Orc:2    | Found Venoodea's Weapon Shoppe.
 43357 | Orc:2    | Found Teikkopt's Book Shoppe.
 44187 | Lair:5   | Reached skill level 14 in Unarmed Combat
 44480 | Lair:5   | Killed Rupert
 44766 | Lair:5   | Found a burning altar of Makhleb.
 44838 | Lair:5   | Found a gateway to Hell.
 45296 | Lair:5   | Upgraded the game from 0.31-a0-521-gc7390f8997 to
                  | 0.31-a0-523-g071a6c1ffa
 45398 | Lair:5   | Bought a potion of haste for 170 gold pieces
 45529 | Spider:1 | Entered Level 1 of the Spider Nest
 45874 | Spider:1 | HP: 6/212 [entropy weaver (8)]
 45875 | Spider:1 | Slain by an entropy weaver

Illustrated notes

Levels and vault maps discovered:
D:1:      lightli_arrival_maybe_door_vault, layout_rooms
D:2:      layout_rooms, uniq_terence
D:3:      layout_basic, ebering_ghost_sewer_f, hangedman_decor_growths
D:4:      layout_cave_pods, kennysheep_mini_moat, minmay_temple_entry_slanted,
          moated_statue, minivault_25
D:5:      layout_loops_ring, minmay_mini_ossuary, uniq_pikel
D:6:      layout_basic, nicolae_ru_great_annihilating_truth,
          nicolae_elyvilon_peaceful_grove
D:7:      layout_basic, enter_bailey_2
D:8:      layout_loops_corners
D:9:      layout_irregular_city, nicolae_overflow_two_pavilions
D:10:     layout_cave_pods, okawaru_metal_pillars_3, nicolae_diode_quadrants,
          uniq_snorg
D:11:     layout_rooms, minmay_lair_entry_lava, brannock_xom_greatest_gift
D:12:     layout_basic, zombieorc1_lemuel, maelrawn_ghost_gauntlet_escape,
          uniq_urug, uniq_azrael
D:13:     layout_basic
D:14:     layout_basic, grunt_vaults_entry_tiered, minivault_19
Temple:   lightli_temple_of_artemis
Lair:1:   layout_long_grid, minivault_24
Lair:2:   layout_big_grid, spider_nest_entry_funnel_web, serial_bayou_shore_b,
          grunt_megastairs_5, infiniplex_staircase_pool, uniq_harold,
          uniq_amaemon, uniq_nergalle
Lair:3:   layout_chaotic_city, nicolae_swamp_entry_spooky,
          gauntlet_entry_generic, chequers_serial_rivers_micro_b
Lair:4:   layout_cave_pods, uniq_nessos
Lair:5:   evil_forest, layout_cave_shapes, slime_entry_1,
          portal_ice_cave_demonic_guard, enter_volcano_1, uniq_rupert
Spider:1: layout_cave_pods, nicolae_spider_not_touching_you
Orc:1:    cheibrodos_orc_guarddog, layout_caves, uniq_maurice
Orc:2:    st_orc_mages, layout_caves, nicolae_orc_stony_grotto, uniq_sonja

Skill      XL: |  1  2  3  4  5  6  7  8  9 10 11 12 13 14 15 16 |
---------------+-------------------------------------------------+-----
Fighting       | 2 3 4 5 6 7 9 11 12 13 | 13.9
Dodging        | 3 4 5 7 8 |  8.0
Unarmed Combat | 4 5 6 7 8 9 11 12 13 14 | 14.2
Shapeshifting  | 4 5 6 7 8 9 10 11 12 | 12.0
Stealth        | 2 6 7 8 |  8.0
Translocations | 3 4 |  4.8
Evocations     | 4 5 7 8 |  8.0
Conjurations   | 2 4 |  4.0
Spellcasting   | 2 4 5 |  5.8

Action                     |  1- 3 |  4- 6 |  7- 9 | 10-12 | 13-15 | 16-18 || total
---------------------------+-------+-------+-------+-------+-------+-------++-------
  Melee: Unarmed           |    83 |    97 |   157 |   506 |   753 |   257 ||  1853
         Constrict         |    21 |    26 |    27 |    74 |   115 |    57 ||   320
         Tentacles         |    11 |    28 |    35 |   160 |   131 |       ||   365
         Punch             |     1 |     5 |     6 |    12 |    26 |       ||    50
   Cast: Blink             |       |       |       |       |     2 |       ||     2
         Lesser Beckoning  |       |       |       |       |     1 |       ||     1
 Invoke: Potion Petition   |       |       |       |     2 |     1 |     2 ||     5
         Call Merchant     |       |       |       |       |       |     1 ||     1
Ability: Begin Untransform |       |       |       |     1 |     2 |     2 ||     5
  Evoke: Wand              |       |       |     4 |    20 |    16 |     6 ||    46
    Use: Scroll            |       |     7 |     5 |    13 |    16 |     2 ||    43
         Potion            |       |       |     2 |     5 |     6 |     4 ||    17
   Stab: Sleeping          |     4 |     8 |     3 |     4 |    12 |     3 ||    34
         Paralysed         |       |       |     1 |       |       |       ||     1
         Invisible         |       |       |     3 |     1 |     2 |       ||     6
         Distracted        |       |       |       |     1 |     6 |       ||     7
 Armour: Skin              |     9 |     2 |    13 |    68 |   166 |   106 ||   364
  Dodge: Dodged            |    53 |    48 |    66 |   296 |   359 |   109 ||   931
  Block: Other             |       |       |       |    28 |   116 |    45 ||   189
         Reflection        |       |       |       |       |     5 |     2 ||     7
   Form: Flux              |       |       |       |     1 |       |       ||     1
         Beast             |       |       |       |       |     1 |       ||     1
         Anaconda          |       |       |       |       |     1 |     1 ||     2
         Maw               |       |       |       |       |       |     1 ||     1

Table legend: (Time is in decaauts)
 A = Elapsed time spent in this place.
 B = Non-inter-level travel time spent in this place.
 C = Inter-level travel time spent in this place.
 D = Time resting spent in this place.
 E = Time spent auto-exploring this place.
 F = Levels seen in this place.
 G = Mean time per level.
                   A        B        C        D        E       F      G
               +--------+--------+--------+--------+--------+-----+--------+
         Total |  45558 |  44103 |   1455 |  24245 |   8911 |  24 | 1898.2 |
       Dungeon |  27592 |  26805 |    787 |  14307 |   6733 |  14 | 1970.9 |
        Temple |     70 |     53 |     17 |      0 |      0 |   1 |   70.0 |
          Lair |  14124 |  13547 |    577 |   8371 |   1152 |   5 | 2824.8 |
   Spider Nest |    337 |    337 |      0 |    222 |     18 |   1 |  337.0 |
  Orcish Mines |   2428 |   2356 |     72 |    640 |   1008 |   2 | 1214.0 |
        Bailey |   1005 |   1005 |      0 |    705 |      0 |   1 | 1005.0 |
               +--------+--------+--------+--------+--------+-----+--------+

Top non-repeatable levels by time:
    D:10: 4158 daAuts
  Lair:2: 3812 daAuts
  Lair:5: 3794 daAuts
    D:13: 3242 daAuts
  Lair:4: 2859 daAuts
     D:9: 2612 daAuts
    D:12: 2412 daAuts
  Lair:3: 2182 daAuts
     D:4: 2075 daAuts
    D:11: 1874 daAuts
     D:5: 1857 daAuts
    D:14: 1814 daAuts
   Orc:2: 1673 daAuts
     D:6: 1608 daAuts
     D:3: 1483 daAuts
